 Dungeon Crawl Stone Soup version 0.20.0-8-g6b59dc7 (webtiles) character file.

163223 Hasart the Spear-Bearer (level 17, -7/119 HPs)
             Began as an Octopode Fighter on May 31, 2017.
             Was an Initiate of Gozag.
             Mangled by an eight-headed hydra (17 damage)
             ... on level 4 of the Swamp.
             The game lasted 01:47:18 (33128 turns).

Hasart the Spear-Bearer (Octopode Fighter)         Turns: 33128, Time: 01:47:19

Health: -7/119     AC:  5    Str: 18    XL:     17   Next: 82%
Magic:  41/41      EV: 24    Int: 16    God:    Gozag
Gold:   2664       SH: 30    Dex: 24    Spells: 31/38 levels left

rFire    . . .     SeeInvis +   a - +9 trident (flame)
rCold    . . .     Gourm    .   s - +3 large shield
rNeg     . . .     Faith    .   (helmet restricted)
rPois    +         Spirit   .   D - brooch of Shielding {Reflect SH+8}
rElec    .         Reflect  +   G - ring of the Octopus King {MP+9 AC+1 EV+1 Str+1 Int+1 Dex+1}
rCorr    .         Harm     .   o - +3 ring of protection
MR       ++...                  w - +4 ring of slaying
Stlth    ++++......             t - ring of see invisible
Regen    0.3/turn               E - +4 ring of intelligence
MPRegen  0.3/turn               Y - ring of protection from magic
                                q - ring of wizardry
                                M - +5 ring of dexterity

@: gold aura
A: almost no armour, stealthy swim, amphibious, 8 rings, constrict 8, fangs 1,
tentacle spike 1, camouflage 1, agile 1, poison resistance, gelatinous body 1
a: Potion Petition, Call Merchant, Bribe Branch, Renounce Religion


You were on level 4 of the Swamp.
You worshipped Gozag.
Gozag was most pleased with you.
You were not hungry.

You visited 5 branches of the dungeon, and saw 28 of its levels.
You also visited: Labyrinth and Bailey.

You collected 10395 gold pieces.
You spent 2412 gold pieces at shops.
You paid 5319 gold pieces to Gozag.

Inventory:

Hand Weapons
 a - a +9 trident of flaming (weapon)
Armour
 s - a +3 large shield (worn)
Jewellery
 f - an uncursed ring of protection from cold
 i - an uncursed ring of fire
 k - an uncursed ring of resist corrosion
 o - a +3 ring of protection (right tentacle)
 q - a ring of wizardry (on tentacle)
 t - a ring of see invisible (on tentacle)
 w - a +4 ring of slaying (on tentacle)
 D - the brooch of Shielding (around mantle) {Reflect SH+8}
   (You bought it in a shop on level 2 of the Orcish Mines)

   [amulet of reflection]

   It shields you and reflects attacks.
   It affects your SH (+8).
 E - a +4 ring of intelligence (on tentacle)
 G - a ring of the Octopus King (left tentacle) {MP+9 AC+1 EV+1 Str+1 Int+1 Dex+1}
   (You bought it in a shop on level 2 of the Orcish Mines)

   [ring of magical power]

   It affects your AC (+1).
   It affects your evasion (+1).
   It affects your strength (+1).
   It affects your intelligence (+1).
   It affects your dexterity (+1).
   It affects your magic capacity (+9).
 L - an uncursed ring of flight
 M - a +5 ring of dexterity (on tentacle)
 Y - a ring of protection from magic (on tentacle)
Wands
 z - a wand of digging (11/24)
 B - a wand of flame (16/48)
 C - a wand of paralysis (11/24)
 J - a wand of random effects (13/48)
 K - a wand of acid (6/15)
 N - a wand of iceblast (11/15)
 W - a wand of lightning (7/15)
Scrolls
 e - 2 scrolls of recharging
 h - a scroll of holy word
 n - 21 scrolls of identify
 p - 8 scrolls of teleportation
 y - 12 scrolls of remove curse
 F - 3 scrolls of magic mapping
 I - a scroll of summoning
 O - a scroll of enchant weapon
Potions
 c - 4 potions of might
 g - 6 potions of heal wounds
 j - 17 potions of curing
 l - 3 potions of berserk rage
 m - a potion of ambrosia
 r - 2 potions of flight
 u - 3 potions of haste
 x - 5 potions of lignification
 H - 2 potions of mutation
Books
 b - Roxanne's Handbook of Moulding
   (You took it off Roxanne on level 2 of the Swamp)

   Spells                             Type                      Level
   a - Beastly Appendage              Transmutation                1
   b - Spider Form                    Transmutation/Poison         3
   c - Ice Form                       Ice/Transmutation            4
   d - Irradiate                      Conjuration/Transmutation    5
   e - Statue Form                    Transmutation/Earth          6
 v - a book of Conjurations

   Spells                             Type                      Level
   a - Magic Dart                     Conjuration                  1
   b - Searing Ray                    Conjuration                  2
   c - Dazzling Spray                 Conjuration/Hexes            3
   d - Fulminant Prism                Conjuration/Hexes            4
   e - Force Lance                    Conjuration/Translocation    4
   f - Iskenderun's Mystic Blast      Conjuration                  4
Miscellaneous
 P - a fan of gales
 X - 2 boxes of beasts
Comestibles
 d - 17 bread rations
 A - 27 royal jellies


   Skills:
 + Level 12.2 Fighting
 + Level 14.9 Polearms
 + Level 12.3 Dodging
 + Level 12.2 Shields
 * Level 11.3 Spellcasting
 - Level 6.0 Charms
 - Level 7.2 Necromancy
 + Level 3.2 Translocations
 * Level 5.5 Transmutations
 + Level 3.9 Earth Magic
 - Level 10.0 Evocations


You had 31 spell levels left.
You knew the following spells:

 Your Spells              Type           Power        Failure   Level  Hunger
a - Regeneration          Chrm/Necr      ####......   3%          3    None
b - Blink                 Tloc           N/A          7%          2    None
c - Passwall              Tmut/Erth      ###.......   3%          2    None


Dungeon Overview and Level Annotations

Branches:
Dungeon (15/15)            Temple (1/1) D:4            Lair (6/6) D:10
  Swamp (4/4) Lair:2       Spider (0/4) Lair:3        Slime (0/5) Lair:5
    Orc (2/2) D:11            Elf (0/3) Orc:2        Vaults (0/5) D:13
 Depths (0/5) D:15

Altars:
Ashenzari
Cheibriados
Dithmenos
Elyvilon
Fedhas
Gozag
Hepliaklqana
Kikubaaqudgha
Makhleb
Nemelex Xobeh
Okawaru
Qazlal
Ru
Sif Muna
Trog
Uskayaw
Vehumet
Xom
Yredelemnul
Zin
The Shining One
Jiyva

Shops:
D:6 (   D:7 (   D:9 (   D:10 (   D:13 !   Orc:2 *([=   Lair:1 =   Lair:2 }

Annotations:
Lair:6 Nessos


Innate Abilities, Weirdness & Mutations

You cannot wear most types of armour.
You are very stealthy in the water. (Stealth+)
You are amphibious.
You can wear up to eight rings at the same time.
You can use your tentacles to constrict eight enemies at once.
Your skin changes colour to match your surroundings (Stealth+).
Your rubbery body absorbs attacks. (AC +1, EV +1)
You have very sharp teeth.
One of your tentacles bears a spike.
You are agile. (Dex +2)
Your system is resistant to poisons. (rPois)


Message History

You block the eight-headed hydra's attack. x2
The eight-headed hydra bites you! x2
You block the eight-headed hydra's attack. x2
The eight-headed hydra bites you!
* * * LOW HITPOINT WARNING * * *
You block the eight-headed hydra's attack.
You are too injured to fight recklessly!
Unknown command.
You block the eight-headed hydra's attack.
The eight-headed hydra bites you but does no damage.
You block the eight-headed hydra's attack.
The eight-headed hydra closely misses you.
You block the eight-headed hydra's attack.
The eight-headed hydra bites you!
* * * LOW HITPOINT WARNING * * *
The eight-headed hydra bites you.
* * * LOW HITPOINT WARNING * * *
The eight-headed hydra bites you!
You die...
Your body crumbles into a pile of gold.

♣≈≈≈≈≈≈≈$≈...♣.≈§≈ ≈.
♣♣.PPPPPPP≈≈..≈≈§≈ ≈≈.
♣♣♣♣P.PPPP≈$≈≈$$≈≈≈
≈.♣♣♣≈≈≈$..≈≈≈≈≈≈≈≈≈≈≈≈
.♣♣≈.≈.≈≈♣♣.≈≈≈≈≈≈.≈≈≈♣≈
≈.≈.≈≈≈$.♣♣.≈≈$≈≈≈♣♣♣♣♣♣
≈≈..≈≈$$$♣.≈≈≈≈.♣♣ ♣
.≈♣♣.≈D≈$$♣$≈≈.≈♣ ♣ .
♣$<[@≈$$$$♣♣♣♣♣
≈≈≈.≈.♣$≈≈≈≈$.≈≈≈♣
≈.≈≈§.≈≈≈≈≈≈≈♣♣♣.≈.≈♣
≈≈≈.♣§.≈.≈≈≈♣♣ ♣♣≈.≈♣
.♣♣.......♣♣♣ ≈§≈ ♣
♣♣♣♣≈≈.♣♣ ♣♣ #.≈.# $
#.≈.#


You could see an eight-headed hydra.

Vanquished Creatures
  Nikola (Swamp:2)
  A tentacled monstrosity (Swamp:1)
  4 thorn hunters
  Roxanne (Swamp:2)
  Donald (Swamp:2)
  An orc warlord (Orc:2)
  5 dire elephants
  Josephine (Orc:1)
  A minotaur (Lab)
  Fannar (Orc:1)
  13 two-headed ogres
  23 hydras
  3 centaur warriors (D:15)
  An anaconda (Lair:6)
  4 catoblepae
  A death yak (Lair:4)
  2 ogre magi
  10 alligators
  A tengu warrior (D:14)
  A shock serpent (shapeshifter) (D:14)
  A spriggan berserker (Swamp:4)
  4 orc high priests (Orc:2)
  A deep elf knight (D:13)
  Nergalle (D:12)
  Sonja (D:14)
  A death drake (Swamp:2)
  2 wizards
  6 swamp dragons
  3 spectral hydras (Swamp:2)
  2 shambling mangroves
  A necromancer (Swamp:2)
  8 orc knights
  6 deep elf magi
  3 oklob plants
  A wolf spider zombie (D:15)
  5 ugly things (Swamp:2)
  6 cyclopes
  A salamander (D:15)
  2 centaur zombies
  6 elephants (Lair:6)
  10 black mambas
  14 spiny frogs
  2 torpor snails
  3 gargoyles
  7 komodo dragons
  5 swamp worm zombies (Swamp:2)
  2 rime drakes
  3 kobold demonologists
  2 minotaur zombies (Lab)
  9 trolls
  A merfolk (D:15)
  3 polar bears
  9 tyrant leeches
  14 hornets
  A queen bee (D:10)
  A wolf spider simulacrum (D:14)
  Prince Ribbit (D:5)
  24 blink frogs
  2 jumping spiders (Lair:3)
  27 slime creatures
  3 alligator zombies (Swamp:2)
  15 bog bodies
  7 hippogriffs
  3 spectral swamp dragons (Swamp:2)
  A redback (Lair:3)
  5 spriggans
  5 shadows
  Sigmund (D:2)
  A vampire (D:13)
  54 yaks
  2 basilisks (Lair:3)
  Grum (D:10)
  5 wraiths (Orc:1)
  6 wyverns
  5 tyrant leech zombies (Swamp:2)
  4 hungry ghosts
  15 vampire mosquitoes
  A steam dragon (D:8)
  2 soldier ants (D:12)
  14 swamp worms
  A warg (Orc:1)
  18 insubstantial wisps
  3 spiny frog zombies (Swamp:2)
  A water moccasin (shapeshifter) (D:15)
  2 hell hounds (D:10)
  12 water moccasins
  10 swamp drakes
  11 porcupines
  4 ice beasts
  39 orc warriors
  3 black bears
  A hornet zombie (D:14)
  9 sky beasts
  A necrophage (D:8)
  11 centaurs
  11 ogres
  8 wolves
  11 crocodiles
  7 big kobolds
  13 bullfrogs
  8 scorpions
  2 spriggan zombies (Swamp:2)
  39 killer bees
  3 troll zombies (Swamp:2)
  2 electric eels (D:11)
  18 wights
  3 howler monkeys
  5 crimson imps
  2 bullfrog zombies
  9 hounds
  5 jellies
  10 orc priests
  3 bullfrog skeletons
  5 centaur skeletons
  4 iguanas
  19 orc wizards
  14 worker ants
  A worker ant zombie (D:11)
  5 gnolls
  10 adders
  2 shadow imps
  2 adder zombies
  2 adder skeletons
  A dart slug (D:4)
  6 leopard geckos
  93 orcs
  7 bats
  5 giant cockroaches
  11 goblins
  4 hobgoblins (D:3)
  6 jackals
  A quokka (D:8)
  3 frilled lizards
  20 kobolds
  A quokka zombie (D:6)
  4 rats
  2 fungi
  4 plants
944 creatures vanquished.

Vanquished Creatures (others)
  A centaur warrior (D:15)
  A cyclops (D:14)
  A centaur zombie (D:13)
  A swamp drake (Swamp:1)
  2 centaurs (D:14)
  7 fungi
  9 plants
  A withered plant (Swamp:2)
23 creatures vanquished.

Grand Total: 967 creatures vanquished

Notes
Turn   | Place    | Note
-------+----------+-------------------------------------------
     0 | D:1      | Hasart the Octopode Fighter began the quest for the Orb.
     0 | D:1      | Reached XP level 1. HP: 16/16 MP: 1/1
   270 | D:1      | Reached XP level 2. HP: 21/21 MP: 2/2
   903 | D:2      | Found a burning altar of Makhleb.
   907 | D:2      | Reached XP level 3. HP: 23/26 MP: 3/3
   932 | D:2      | Noticed Sigmund
   939 | D:2      | Killed Sigmund
   939 | D:2      | Reached skill level 3 in Polearms
   939 | D:2      | Reached XP level 4. HP: 3/33 MP: 4/4
   939 | D:2      | Reached XP level 5. HP: 4/37 MP: 5/5
  1228 | D:2      | Found a faded altar of an unknown god.
  1458 | D:2      | Reached XP level 6. HP: 43/43 MP: 6/6
  1570 | D:3      | Reached skill level 4 in Polearms
  1720 | D:3      | Found an ancient bone altar of Kikubaaqudgha.
  1860 | D:3      | Found a sparkling altar of Nemelex Xobeh.
  2672 | D:4      | Reached XP level 7. HP: 45/49 MP: 7/7
  2723 | D:4      | Found a staircase to the Ecumenical Temple.
  2781 | Temple   | Entered the Ecumenical Temple
  2936 | Temple   | Became a worshipper of Gozag Ym Sagoz the Greedy
  3048 | D:4      | Found a hazy altar of Hepliaklqana.
  3301 | D:4      | Reached skill level 5 in Polearms
  3427 | D:5      | Entered Level 5 of the Dungeon
  3558 | D:5      | Noticed Prince Ribbit
  3983 | D:5      | Killed Prince Ribbit
  3983 | D:5      | Reached skill level 5 in Fighting
  3983 | D:5      | Reached skill level 5 in Dodging
  4015 | D:5      | Found a glowing silver altar of Zin.
  4246 | D:6      | Reached XP level 8. HP: 55/55 MP: 8/8
  4267 | D:5      | Reached skill level 6 in Polearms
  4502 | D:6      | Reached skill level 5 in Shields
  4810 | D:6      | Found Ythastris's Weapon Shoppe.
  4918 | D:6      | Reached skill level 7 in Polearms
  5064 | D:6      | Reached skill level 1 in Evocations
  5095 | D:6      | Reached XP level 9. HP: 58/62 MP: 9/9
  6106 | D:8      | Reached skill level 8 in Polearms
  6457 | D:7      | Reached XP level 10. HP: 60/69 MP: 13/13
  6625 | D:7      | Found a radiant altar of Vehumet.
  6952 | D:8      | Reached skill level 5 in Evocations
  7588 | D:8      | Reached skill level 9 in Polearms
  7699 | D:8      | Noticed a two-headed ogre
  7706 | D:8      | Killed a two-headed ogre
  8517 | D:9      | Reached XP level 11. HP: 59/74 MP: 16/16
  9368 | D:10     | Entered Level 10 of the Dungeon
  9407 | D:10     | You fall through a shaft for 2 floors!
  9460 | D:12     | Reached skill level 10 in Polearms
  9492 | D:12     | Noticed a cyclops
  9502 | D:12     | Killed a cyclops
  9717 | D:11     | Noticed a two-headed ogre
  9726 | D:11     | Killed a two-headed ogre
  9745 | D:10     | Found a staircase to the Lair.
  9756 | D:10     | Noticed Grum
  9767 | D:10     | Killed Grum
  9855 | D:10     | Found a flagged portal.
  9866 | Bailey   | Entered a bailey
 10443 | Bailey   | Noticed an orc knight
 10446 | Bailey   | Noticed an orc knight
 10463 | Bailey   | Noticed an orc knight
 10464 | Bailey   | Killed an orc knight
 10471 | Bailey   | Killed an orc knight
 10482 | Bailey   | Killed an orc knight
 10641 | Bailey   | Identified a scroll of acquirement
 10913 | D:11     | Found a staircase to the Orcish Mines.
 10985 | D:11     | Reached XP level 12. HP: 66/83 MP: 18/18
 11243 | D:10     | Reached skill level 11 in Polearms
 11794 | D:10     | Gained mutation: Your system is resistant to poisons. (rPois) [potion of mutation]
 11794 | D:10     | Gained mutation: One of your tentacles bears a spike. [potion of mutation]
 11794 | D:10     | Gained mutation: You have very sharp teeth. [potion of mutation]
 11794 | D:10     | Gained mutation: You are agile. (Dex +2) [potion of mutation]
 12728 | D:12     | Noticed Nergalle
 12738 | D:12     | Killed Nergalle
 12804 | D:12     | Noticed a two-headed ogre
 12824 | D:11     | Noticed a six-headed hydra
 12947 | D:12     | Killed a two-headed ogre
 13007 | D:12     | Noticed a four-headed hydra
 13011 | D:12     | Killed a four-headed hydra
 13047 | D:12     | Reached skill level 10 in Evocations
 13196 | D:12     | Reached skill level 1 in Spellcasting
 13352 | D:12     | Noticed a two-headed ogre
 13357 | D:12     | Killed a two-headed ogre
 13433 | D:12     | Reached skill level 12 in Polearms
 13561 | D:11     | Killed a six-headed hydra
 13561 | D:11     | Reached XP level 13. HP: 39/90 MP: 8/20
 13825 | Lair:1   | Entered Level 1 of the Lair of Beasts
 14383 | Lair:1   | Learned a level 3 spell: Regeneration
 14574 | Lair:1   | Reached skill level 1 in Charms
 15216 | Lair:2   | Reached skill level 1 in Necromancy
 15260 | Lair:2   | Found a labyrinth entrance.
 15277 | Lab      | Entered a labyrinth
 16126 | Lab      | Noticed a minotaur
 16132 | Lab      | Killed a minotaur
 16135 | Lab      | Identified the Disquisition on Unholy Transmutation
 16195 | Lab      | Learned a level 2 spell: Blink
 16198 | Lab      | Learned a level 2 spell: Passwall
 16369 | Lair:2   | Reached skill level 10 in Dodging
 16448 | Lair:2   | Found a staircase to the Swamp.
 16460 | Lair:2   | Reached skill level 5 in Spellcasting
 17648 | Lair:3   | Reached XP level 14. HP: 97/98 MP: 20/22
 17936 | Lair:3   | Found a hole to the Spider Nest.
 17939 | Lair:3   | Reached skill level 13 in Polearms
 18597 | Lair:4   | Reached skill level 10 in Shields
 19073 | Lair:5   | Found a viscous altar of Jiyva.
 19075 | Lair:5   | Found a staircase to the Slime Pits.
 19269 | Lair:5   | Reached skill level 10 in Fighting
 19905 | Lair:6   | Entered Level 6 of the Lair of Beasts
 19905 | Lair:6   | Found a blossoming altar of Fedhas.
 21193 | Lair:6   | Noticed a dire elephant
 21346 | Lair:6   | Killed a dire elephant
 21518 | Lair:6   | Noticed a dire elephant
 21528 | Lair:6   | Killed a dire elephant
 21672 | Lair:6   | Noticed a dire elephant
 21672 | Lair:6   | Noticed a dire elephant
 21708 | Lair:6   | Killed a dire elephant
 21708 | Lair:6   | Reached XP level 15. HP: 105/105 MP: 26/26
 21764 | Lair:6   | Identified the Reference Book on Supportive Fascination
 21767 | Lair:6   | Got a steaming shield
 21768 | Lair:6   | Identified the +3 shield "Cynipiomo" {*Drain rPois rF+ Stlth+} (You found it on level 6 of the Lair of Beasts)
 22102 | Lair:6   | Noticed Nessos
 22274 | Orc:1    | Entered Level 1 of the Orcish Mines
 22352 | Orc:1    | Noticed Josephine
 22366 | Orc:1    | Killed Josephine
 22505 | Orc:2    | Entered Level 2 of the Orcish Mines
 22507 | Orc:2    | Found Okhiroes's Jewellery Shoppe.
 22524 | Orc:1    | Reached skill level 5 in Charms
 22777 | Orc:1    | Noticed Fannar
 22787 | Orc:1    | Killed Fannar
 22787 | Orc:1    | Reached skill level 5 in Necromancy
 22911 | Orc:2    | Noticed an orc warlord
 23052 | Orc:2    | Found Jiecsueg's General Store.
 23261 | Orc:2    | Bought a scroll of enchant weapon for 90 gold pieces
 23261 | Orc:2    | Bought a royal jelly for 24 gold pieces
 23697 | Orc:2    | Found a staircase to the Elven Halls.
 23794 | Orc:2    | Bought an uncursed ring of see invisible for 195 gold pieces
 23794 | Orc:2    | Bought the brooch of Shielding {Reflect SH+8} for 1381 gold pieces
 23794 | Orc:2    | Bought a ring of the Octopus King {MP+9 AC+1 EV+1 Str+1 Int+1 Dex+1} for 542 gold pieces
 23899 | Orc:2    | Killed an orc warlord
 24054 | Orc:2    | Found Azeajeh's Antique Armour Boutique.
 24094 | Orc:2    | Found Ciatuitz's Antique Weapon Boutique.
 24583 | D:13     | Bought 2 potions of heal wounds for 180 gold pieces
 24942 | D:13     | Found a gate to the Vaults.
 25230 | D:14     | Reached skill level 14 in Polearms
 25296 | D:14     | Found a stormy altar of Qazlal.
 25656 | D:14     | Noticed Sonja
 25974 | D:14     | Killed Sonja
 26454 | D:15     | Entered Level 15 of the Dungeon
 26577 | D:15     | Reached XP level 16. HP: 112/112 MP: 29/29
 27104 | D:15     | Found a staircase to the Depths.
 27846 | Swamp:1  | Entered Level 1 of the Swamp
 27846 | Swamp:1  | Noticed a tentacled monstrosity
 27858 | Swamp:1  | Killed a tentacled monstrosity
 27858 | Swamp:1  | Reached skill level 10 in Spellcasting
 29384 | Swamp:2  | Noticed Donald
 29391 | Swamp:2  | Killed Donald
 29596 | Swamp:2  | Reached skill level 1 in Transmutations
 29606 | Swamp:2  | Noticed Nikola
 29608 | Swamp:2  | Noticed a thorn hunter
 29624 | Swamp:2  | Killed a thorn hunter
 29624 | Swamp:2  | Reached skill level 1 in Earth Magic
 29874 | Swamp:2  | Killed Nikola
 29874 | Swamp:2  | Reached skill level 1 in Translocations
 29934 | Swamp:2  | Noticed Roxanne
 30125 | Swamp:2  | Killed Roxanne
 30125 | Swamp:2  | Reached XP level 17. HP: 115/119 MP: 31/31
 30126 | Swamp:2  | Identified Roxanne's Handbook of Moulding (You took it off Roxanne on level 2 of the Swamp)
 32508 | Swamp:4  | Entered Level 4 of the Swamp
 32802 | Swamp:4  | Reached skill level 5 in Transmutations
 33128 | Swamp:4  | Mangled by an eight-headed hydra

Skill      XL: |  1  2  3  4  5  6  7  8  9 10 11 12 13 14 15 16 17 |
---------------+----------------------------------------------------+-----
Fighting       | 4 5 6 7 8 9 10 11 12 | 12.2
Polearms       | 3 4 5 7 8 9 10 12 13 14 | 14.9
Dodging        | 4 5 6 7 8 9 10 11 12 | 12.3
Shields        | 4 5 6 7 8 9 10 11 12 | 12.2
Evocations     | 1 4 7 9 10 | 10.0
Spellcasting   | 2 5 7 9 10 11 | 11.3
Charms         | 2 4 6 |  6.0
Necromancy     | 2 4 6 7 |  7.2
Transmutations | 2 5 |  5.5
Earth Magic    | 1 3 |  3.9
Translocations | 1 3 |  3.2

Action                   |  1- 3 |  4- 6 |  7- 9 | 10-12 | 13-15 | 16-18 || total
-------------------------+-------+-------+-------+-------+-------+-------++-------
Melee: Trident           |    49 |    67 |   230 |   729 |  1079 |   931 ||  3085
       Constrict         |    10 |    18 |    40 |   108 |   121 |    67 ||   364
       Tentacles         |     8 |    13 |    43 |   148 |   257 |   261 ||   730
       Kick              |       |       |       |    56 |   396 |   413 ||   865
       Bite              |       |       |       |    19 |   149 |   150 ||   318
 Cast: Regeneration      |       |       |       |       |       |     7 ||     7
Invok: Call Merchant     |       |       |       |     3 |     2 |     1 ||     6
       Potion Petition   |       |       |       |       |       |     1 ||     1
Evoke: Wand              |       |       |       |     3 |     2 |       ||     5
  Use: Potion            |     1 |     2 |       |     5 |     8 |     5 ||    21
       Scroll            |       |     8 |     2 |    14 |    11 |     2 ||    37
 Stab: Sleeping          |     8 |     7 |     7 |    22 |    20 |     8 ||    72
       Distracted        |       |     1 |     1 |     4 |    14 |    12 ||    32
       Invisible         |       |       |       |     8 |       |       ||     8
       Petrified         |       |       |       |       |     6 |       ||     6
       Confused          |       |       |       |       |       |     3 ||     3
  Eat: Chunk             |       |     5 |     1 |       |       |       ||     6
       Fruit             |       |       |     5 |       |    20 |     3 ||    28
       Royal jelly       |       |       |     1 |     4 |       |     3 ||     8
       Meat ration       |       |       |     1 |     3 |     5 |     3 ||    12
Armor: Skin              |     4 |     6 |    21 |    41 |    26 |    36 ||   134
Dodge: Dodged            |    11 |    16 |    54 |   198 |   179 |   151 ||   609
Block: Shield            |    17 |    21 |    15 |       |       |       ||    53
       Large shield      |       |       |   111 |   414 |   515 |   626 ||  1666
       Reflection        |       |       |       |       |    35 |    16 ||    51
